 Dungeon Crawl Stone Soup version 0.31.0-32-g396128a36d (webtiles) character file.

Game seed: 12365817837045040575

1490 TacoSundae the Shield-Bearer (level 8, -2/67 HPs)
             Began as a Gnoll Fighter on Apr 11, 2024.
             Killed by nerve-wracking pain
             ... invoked by Grinder
              (6 damage)
             ... on level 6 of the Dungeon.
             The game lasted 00:11:30 (4458 turns).

TacoSundae the Shield-Bearer (Gnoll Fighter)        Turns: 4458, Time: 00:11:30

Health: -2/67      AC: 12    Str: 18    XL:     8   Next: 80%
Magic:  13/13      EV: 11    Int:  7    God:
Gold:   252        SH:  0    Dex: 12    Spells: 14/14 levels left

rFire   . . .        x - +2 scythe (venom)
rCold   . . .        (shield currently unavailable)
rNeg    . . .        b - +0 scale mail
rPois   .            (no helmet)
rElec   .            (no cloak)
rCorr   .            w - +1 pair of gloves
SInv    .            q - +1 pair of boots
Will    .....        (no amulet)
Stlth   +            (no ring)
HPRegen 0.31/turn    (no ring)
MPRegen 0.13/turn

%: no passive effects
@: brilliant
A: fangs 1, strong nose, distributed training
a: no special abilities


You were on level 6 of the Dungeon.
You visited 1 branch of the dungeon, and saw 6 of its levels.

You collected 252 gold pieces.

Inventory:

Hand Weapons
 a - a +0 trident
 x - a +2 scythe of venom (weapon)
Missiles
 s - 5 poisoned darts (quivered)
Armour
 b - a +0 scale mail (worn)
 c - a +0 buckler
 q - a +1 pair of boots (worn)
 w - a +1 pair of gloves (worn)
Talismans
 y - a serpent talisman
Wands
 d - a wand of mindburst (13)
 o - a wand of flame (27)
 v - a wand of polymorph (11)
Scrolls
 p - a scroll of vulnerability
 r - a scroll of revelation
 t - a scroll of fear
 z - a scroll of teleportation
 A - a scroll of immolation
Potions
 e - a potion of berserk rage
 f - a potion of magic
 g - a potion of resistance
 h - a potion of mutation
 i - a potion of brilliance
 k - a potion of haste {unknown}
 m - 3 potions of curing {unknown}
 n - a potion of degeneration {unknown}
 u - 2 potions of heal wounds {unknown}


   Skills:
 + Level 7.6 Fighting
 + Level 3.7 Short Blades
 + Level 3.7 Long Blades
 + Level 3.7 Axes
 + Level 3.7 Maces & Flails
 + Level 6.0 Polearms
 + Level 3.7 Staves
 + Level 3.7 Ranged Weapons
 + Level 3.7 Throwing
 + Level 7.6 Armour
 + Level 3.7 Dodging
 + Level 3.7 Stealth
 + Level 7.6 Shields
 + Level 3.7 Unarmed Combat
 + Level 3.7 Spellcasting
 + Level 3.0 Conjurations
 + Level 3.0 Hexes
 + Level 3.0 Summonings
 + Level 3.0 Necromancy
 + Level 3.0 Translocations
 + Level 3.0 Fire Magic
 + Level 3.0 Ice Magic
 + Level 3.0 Air Magic
 + Level 3.0 Earth Magic
 + Level 3.0 Alchemy
 + Level 4.1 Invocations
 + Level 3.7 Evocations
 + Level 3.3 Shapeshifting


You had 14 spell levels left.
You didn't know any spells.
Your spell library contained the following spells:

 Spells                   Type           Power      Damage    Failure   Level
 Shock                    Conj/Air       32%        1d5       26%         1
 Gell's Gravitas          Tloc           8%         N/A       58%         3
 Inner Flame              Hex/Fire       8%         N/A       58%         3
 Swiftness                Air            8%         N/A       58%         3
 Teleport Other           Tloc           8%         N/A       58%         3
 Airstrike                Air            4%         2d(1-17)  94%         4
 Flame Wave               Conj/Fire      8%         2d5       94%         4
 Sticky Flame             Fire/Alch      8%         2d4       94%         4
 Dispersal                Tloc           4%         N/A       100%        6


Dungeon Overview and Level Annotations

Branches:
Dungeon (6/15)             Temple (0/1) D:6

Altars:

Portals:
Abyss: D:4

Annotations:
D:3 2 transporters, hawkwood's ghost, amateur DgAr
D:4 2 transporters, PaiMei's ghost, amateur DsNe
D:5 2 runed translucent doors, Crazy Yiuf; Tripartite's ghost, novice DrCj
D:6 Grinder


Innate Abilities, Weirdness & Mutations

You have very sharp teeth.
Your uncanny sense of smell can sniff out nearby items.
Your experience applies equally to all skills.


Message History

You slash Grinder!
Grinder is poisoned.
Grinder is severely wounded.
Grinder misses you. Grinder hits you!
You writhe in agony.
You are too injured to fight recklessly!
You are too injured to fight recklessly!
Unknown command.
You are too injured to fight recklessly!
You are too injured to fight recklessly!
You hit Grinder but do no damage. You bite Grinder, but do no damage.
Grinder is severely wounded.
Grinder hits you.
You writhe in agony.
Unknown command.
You completely miss Grinder.
Grinder is severely wounded.
Grinder hits you!
* * * LOW HITPOINT WARNING * * *
You writhe in agony.
* * * LOW HITPOINT WARNING * * *
Unknown command.
You hit Grinder but do no damage. Your bite misses Grinder.
Grinder is heavily wounded.
Grinder closely misses you.
You barely miss Grinder. Your bite misses Grinder.
Grinder is heavily wounded.
Grinder hits you but does no damage.
Unknown command.
You hit Grinder. Your bite misses Grinder.
Grinder is severely wounded.
Grinder hits you but does no damage. Grinder hits you.
* * * LOW HITPOINT WARNING * * *
You writhe in agony.
* * * LOW HITPOINT WARNING * * *
Unknown command.
Unknown command.
It was a potion of brilliance.
You feel clever all of a sudden. Grinder gestures at you.
Pain shoots through your body!
You die...
Grinder says, "Now the real fun starts!"

#†.#
***,,****
##.# **,,,**
#.#
***,,*<*****
#.####
*..,*****,,,
#...§##
***.*** *,**
#...§§##*,o,*
*,*
#§..#.§##.#**
*,*
#§##.##.#.#
*,**
#.#.⌠@#.5.#
***,,,
#.##5##..>#
*,,,,,
##..#†...)#
*,****
##...###.#
*,* #####
*,*******,*
*,,,,,,,,,*
***********


You could see Grinder (very poisoned).

Vanquished Creatures
  Sigmund (D:4)
  Menkaure (D:4)
  2 black bears
  2 ogres (D:5)
  2 centaurs
  A scorpion (D:5)
  A howler monkey (D:6)
  A bombardier beetle (D:5)
  2 hounds
  2 jellies
  A sleepcap (D:6)
  Jessica (D:3)
  3 iguanas
  Natasha (thrice) (D:3)
  7 gnolls
  7 adders
  A white imp (D:5)
  5 dart slugs
  3 ribbon worms
  8 orcs
  10 ball pythons
  11 endoplasms
  3 giant cockroaches
  3 goblins (D:3)
  9 hobgoblins
  3 jackals (D:4)
  5 quokkas
  12 bats
  6 frilled lizards
  6 kobolds
  3 rats
125 creatures vanquished.

Notes
Turn   | Place    | Note
-------+----------+-------------------------------------------
     0 | D:1      | TacoSundae the Gnoll Fighter began the quest for the Orb.
     0 | D:1      | Reached XP level 1. HP: 23/23 MP: 1/1
    94 | D:1      | Reached XP level 2. HP: 26/29 MP: 2/2
   508 | D:1      | Reached XP level 3. HP: 21/35 MP: 3/3
  1014 | D:2      | Reached skill level 1 in Invocations
  1141 | D:2      | Reached skill level 1 in Short Blades
  1141 | D:2      | Reached skill level 1 in Long Blades
  1141 | D:2      | Reached skill level 1 in Axes
  1141 | D:2      | Reached skill level 1 in Maces & Flails
  1141 | D:2      | Reached skill level 1 in Staves
  1141 | D:2      | Reached skill level 1 in Ranged Weapons
  1141 | D:2      | Reached skill level 1 in Throwing
  1141 | D:2      | Reached skill level 1 in Dodging
  1141 | D:2      | Reached skill level 1 in Stealth
  1141 | D:2      | Reached skill level 1 in Unarmed Combat
  1141 | D:2      | Reached skill level 1 in Spellcasting
  1141 | D:2      | Reached skill level 1 in Evocations
  1226 | D:2      | Reached skill level 1 in Shapeshifting
  1226 | D:2      | Reached XP level 4. HP: 38/41 MP: 5/5
  1498 | D:3      | Reached skill level 1 in Conjurations
  1498 | D:3      | Reached skill level 1 in Hexes
  1498 | D:3      | Reached skill level 1 in Summonings
  1498 | D:3      | Reached skill level 1 in Necromancy
  1498 | D:3      | Reached skill level 1 in Translocations
  1498 | D:3      | Reached skill level 1 in Fire Magic
  1498 | D:3      | Reached skill level 1 in Ice Magic
  1498 | D:3      | Reached skill level 1 in Air Magic
  1498 | D:3      | Reached skill level 1 in Earth Magic
  1498 | D:3      | Reached skill level 1 in Alchemy
  1662 | D:3      | Noticed Natasha
  1677 | D:3      | Killed Natasha
  1678 | D:3      | Reached XP level 5. HP: 32/47 MP: 5/7
  1888 | D:3      | Found a transporter.
  1940 | D:3      | Noticed hawkwood's ghost (amateur DgAr)
  1941 | D:3      | Found a transporter.
  2080 | D:3      | Noticed Natasha
  2086 | D:3      | Killed Natasha
  2087 | D:3      | Noticed Jessica
  2099 | D:3      | Killed Jessica
  2113 | D:3      | Noticed Natasha
  2129 | D:3      | Killed Natasha
  2255 | D:4      | Noticed Menkaure
  2263 | D:4      | Killed Menkaure
  2264 | D:4      | Reached skill level 5 in Polearms
  2264 | D:4      | Reached XP level 6. HP: 33/53 MP: 7/9
  2547 | D:4      | Reached XP level 7. HP: 59/60 MP: 10/10
  2645 | D:4      | Found a transporter.
  2653 | D:4      | Found a transporter.
  2751 | D:4      | Found a one-way gate to the infinite horrors of the Abyss.
  2759 | D:4      | Noticed PaiMei's ghost (amateur DsNe)
  2764 | D:4      | Noticed a toenail golem
  2765 | D:4      | Noticed a small abomination
  2954 | D:4      | Noticed Sigmund
  2960 | D:4      | Killed Sigmund
  3340 | D:5      | Entered Level 5 of the Dungeon
  3633 | D:5      | Reached XP level 8. HP: 67/67 MP: 12/12
  3869 | D:5      | Found a runed translucent door.
  3870 | D:5      | Noticed Crazy Yiuf
  3968 | D:5      | Found a runed translucent door.
  3969 | D:5      | Noticed Tripartite's ghost (novice DrCj)
  4440 | D:6      | Noticed Grinder
  4458 | D:6      | Killed from afar by Grinder

Illustrated notes

Levels and vault maps discovered:
D:1:      tarquinn_simple_flora_water_f, layout_basic, minmay_misc_feat_alley,
          nicolae_figureground_pulse
D:2:      layout_rooms
D:3:      layout_rooms, gammafunk_ghost_mausoleum, minivault_19, uniq_natasha,
          uniq_jessica
D:4:      layout_basic, gammafunk_ghost_abyssal_escape, uniq_sigmund,
          uniq_menkaure
D:5:      layout_loops_ring, ebering_ghost_inner_flame,
          minmay_misc_feat_nine_boxes, uniq_crazy_yiuf_cottage
D:6:      layout_basic, temple_statues, grunt_decor_one_mirror, uniq_grinder,
          uniq_eustachio

Skill      XL: |  1  2  3  4  5  6  7  8 |
---------------+-------------------------+-----
Invocations    | 1 2 3 4 |  4.1
Short Blades   | 1 2 3 |  3.7
Long Blades    | 1 2 3 |  3.7
Axes           | 1 2 3 |  3.7
Maces & Flails | 1 2 3 |  3.7
Staves         | 1 2 3 |  3.7
Ranged Weapons | 1 2 3 |  3.7
Throwing       | 1 2 3 |  3.7
Dodging        | 1 2 3 |  3.7
Stealth        | 1 2 3 |  3.7
Unarmed Combat | 1 2 3 |  3.7
Spellcasting   | 1 2 3 |  3.7
Evocations     | 1 2 3 |  3.7
Shapeshifting  | 1 2 3 |  3.3
Conjurations   | 1 2 3 |  3.0
Hexes          | 1 2 3 |  3.0
Summonings     | 1 2 3 |  3.0
Necromancy     | 1 2 3 |  3.0
Translocations | 1 2 3 |  3.0
Fire Magic     | 1 2 3 |  3.0
Ice Magic      | 1 2 3 |  3.0
Air Magic      | 1 2 3 |  3.0
Earth Magic    | 1 2 3 |  3.0
Alchemy        | 1 2 3 |  3.0
Polearms       | 5 6 |  6.0
Fighting       | 7 |  7.6
Armour         | 7 |  7.6
Shields        | 7 |  7.6

Action                     |  1- 3 |  4- 6 |  7- 9 || total
---------------------------+-------+-------+-------++-------
  Melee: Trident           |   140 |   155 |    56 ||   351
         Bite              |    12 |     8 |    13 ||    33
         Unarmed           |       |     5 |       ||     5
         Halberd           |       |       |    85 ||    85
  Throw: Dart              |       |       |     9 ||     9
    Use: Potion            |       |     1 |     2 ||     3
         Scroll            |       |       |     9 ||     9
   Stab: Distracted        |       |       |     1 ||     1
         Sleeping          |       |       |     1 ||     1
 Armour: Scale mail        |    74 |   103 |    81 ||   258
         Skin              |       |     2 |       ||     2
  Dodge: Dodged            |    46 |    50 |    62 ||   158
  Block: Buckler           |    20 |    35 |     9 ||    64
